 Dungeon Crawl Stone Soup version 0.13-a0-1502-g99810c3 (webtiles) character file.

268 Kae the Vexing (level 5, 0/24 HPs)
             Began as a Spriggan Enchanter on June 8, 2013.
             Slain by a giant gecko (1 damage)
             ... on Level 3 of the Dungeon on June 9, 2013.
             The game lasted 00:03:43 (2263 turns).

Kae the Vexing (Spriggan Enchanter)                 Turns: 2263, Time: 00:03:43

HP   0/24        AC  3     Str  5      XL: 5   Next: 28%
MP   1/13        EV 18     Int 22      God:
Gold 95          SH  0     Dex 16      Spells:  2 memorised,  3 levels left

Res.Fire  : . . .   See Invis. : +   a - +1 dagger {=f}
Res.Cold  : . . .   Warding    : .   b - +1 robe
Life Prot.: . . .   Conserve   : .   (shield restricted)
Res.Poison: .       Res.Corr.  : .   (helmet restricted)
Res.Elec. : .       Clarity    : .   (no cloak)
Sust.Abil.: . .     Spirit.Shd : .   (gloves unavailable)
Res.Mut.  : .       Stasis     : .   (boots unavailable)
Res.Rott. : .       Flight     : .   (no amulet)
Saprovore : . . .                    (no ring)
                                     (no ring)

@: brilliant, very quick, somewhat resistant to hostile enchantments, quite
stealthy
A: unfitting armour, see invisible, herbivore 3, speed 3, slow metabolism 2
a: no special abilities


You were on level 3 of the Dungeon.
You were hungry.

You visited 1 branch of the dungeon, and saw 3 of its levels.

You collected 75 gold pieces.

Inventory:

Hand weapons
 a - a +1,+1 dagger (weapon) {=f}
 t - a +0,+1 dwarven dagger
Missiles
 d - 12 darts (quivered)
Armour
 b - a +1 robe (worn)
Scrolls
 f - 2 scrolls of fog {unknown}
 g - a scroll of amnesia {unknown}
 h - 4 scrolls of remove curse {unknown}
 i - a scroll of noise {unknown}
 j - a scroll of magic mapping {unknown}
 l - a scroll of blinking {unknown}
 p - a scroll of identify {unknown}
 s - a scroll of random uselessness {unknown}
Jewellery
 r - an uncursed amulet of warding {unknown}
Potions
 e - a potion of porridge
 n - a potion of flight {unknown}
 o - a potion of curing {unknown}
 q - a potion of invisibility {unknown}
 u - a potion of speed {unknown}
Books
 c - a book of Maledictions

   Spells                             Type                      Level
   *Corona                            Hexes                        1
   Sure Blade                         Hexes/Charms                 2
   *Ensorcelled Hibernation           Hexes/Ice                    2
   Confuse                            Hexes                        3
   Enslavement                        Hexes                        4
   Invisibility                       Hexes                        6


   Skills:
 * Level 4.0 Short Blades
 - Level 1.1 Throwing
 - Level 3.0 Dodging
 + Level 4.9 Stealth
 - Level 1.3 Spellcasting
 + Level 4.9 Hexes


You had 3 spell levels left.
You knew the following spells:

 Your Spells              Type           Power        Failure   Level  Hunger
a - Corona                Hex            #####..      1%          1    ##.....
b - Ensorcelled Hibernat  Hex/Ice        ####..       1%          2    ###....


Dungeon Overview and Level Annotations

Branches:
Dungeon (3/27)

Altars:
the Shining One


Innate Abilities, Weirdness & Mutations

You are tiny and cannot use many weapons and most armour.
You have supernaturally acute eyesight.
You are a herbivore.
You cover ground extremely quickly.
You need consume almost no food.


Message History

Aiming: Ensorcelled Hibernation
Press: ? - help, Shift-Dir - straight line, f - orc priest, p - giant gecko
Aim: an orc priest, wielding an orcish hammer The orc priest easily resists.
The giant gecko bites you but does no damage.
The orc priest picks up an orcish dagger.
Sorry, you're not good enough to have a special ability.
Drink which item? (? for menu, Esc to quit)
Okay, then.
Unknown command.
Drink which item? (? for menu, Esc to quit)
You feel more clever all of a sudden.
It was a potion of brilliance.
The giant gecko closely misses you.
Unknown command.
Drink which item? (? for menu, Esc to quit)
You feel refreshed.
It was a potion of restore abilities.
The giant gecko barely misses you.
The orc priest becomes somewhat translucent.
The giant gecko bites you.
You die...

#...... .......
....... ##........
##.........
##..........
#..........
.##########.......###
...#..##@##.......##
.......l.o[.......#
...................#
. .................##
.................###
#.....##......).###
........<.......#
..............###
.......)....##


You could see an orc priest and a giant gecko.

Vanquished Creatures
  Sigmund (D:2)
  An orc wizard (D:3)
  2 adders (D:2)
  An inept feature mimic (D:2)
  A worm (D:2)
  A giant gecko (D:2)
  4 orcs (D:3)
  4 bats
  2 giant cockroaches (D:1)
  5 goblins (D:1)
  5 hobgoblins
  A quokka (D:2)
  4 giant newts (D:2)
  3 jackals (D:2)
  2 kobolds (D:2)
  6 rats
43 creatures vanquished.

Notes
Turn   | Place    | Note
--------------------------------------------------------------
     0 | D:1      | Kae, the Spriggan Enchanter, began the quest for the Orb.
     0 | D:1      | Reached XP level 1. HP: 9/9 MP: 4/4
   312 | D:1      | Reached XP level 2. HP: 10/13 MP: 6/6
   326 | D:1      | Reached skill level 4 in Hexes
   430 | D:1      | Learned a level 2 spell: Ensorcelled Hibernation
   953 | D:2      | Reached XP level 3. HP: 13/16 MP: 0/9
  1323 | D:2      | Noticed Sigmund
  1368 | D:2      | Killed Sigmund
  1368 | D:2      | Reached XP level 4. HP: 1/21 MP: 6/11
  1910 | D:2      | Found a glowing golden altar of the Shining One.
  1937 | D:2      | Reached XP level 5. HP: 2/24 MP: 13/13
  2258 | D:3      | HP: 1/24 [orc priest/divine providence (16)]
  2263 | D:3      | Slain by a giant gecko

Action                   |  1- 3 |  4- 6 || total
-------------------------+-------+-------++-------
Melee: Dagger            |   109 |    63 ||   172
Throw: Dart              |       |     2 ||     2
 Cast: Ensorcelled Hiber |     7 |     9 ||    16
  Use: Potion            |       |     2 ||     2
 Stab: Sleeping          |     9 |     6 ||    15
